 Dungeon Crawl Stone Soup version 0.31-a0-7-g51783674b7 (webtiles) character file.

Game seed: 11077837629135709938

1 scionoferis the Grasshopper (level 1, -1/19 HPs)
             Began as a Naga Warper on May 5, 2023.
             Slain by a jackal (3 damage)
             ... on level 1 of the Dungeon.
             The game lasted 00:00:38 (118 turns).

scionoferis the Grasshopper (Naga Warper)            Turns: 118, Time: 00:00:38

Health: -1/19      AC:  1    Str: 13    XL:     1   Next: 20%
Magic:  3/3        EV:  9    Int: 13    God:
Gold:   0          SH:  0    Dex: 10    Spells: 4/4 levels left

rFire   . . .        a - +0 spear
rCold   . . .        (no shield)
rNeg    . . .        b - +0 leather armour
rPois   +            (no helmet)
rElec   .            (no cloak)
rCorr   .            (no gloves)
SInv    +            (no barding)
Will    .....        (no amulet)
Stlth   +            (no ring)
HPRegen 0.23/turn    (no ring)
MPRegen 0.08/turn

%: no passive effects
@: short of breath, very slow
A: AC +0, large, see invisible, deformed body, poison resistance, slowness 2,
spit poison 1, naga tail 1
a: Spit Poison


You were on level 1 of the Dungeon.
You visited 1 branch of the dungeon, and saw 1 of its levels.


Innate Abilities, Weirdness & Mutations

Your serpentine skin is tough. (AC +0)
You have supernaturally acute eyesight. (SInv)
Armour fits poorly on your strangely shaped body.
Your system is resistant to poisons. (rPois)
You cover ground very slowly.
You can spit poison.
You have a snake-like lower body.


   Skills:
 + Level 2.0 Fighting
 * Level 2.0 Polearms
 - Level 0.8 Throwing
 - Level 0.7 Armour
 - Level 1.5 Dodging
 + Level 0.2 Stealth
 - Level 2.0 Spellcasting
 - Level 3.0 Translocations


You had 4 spell levels left.
You didn't know any spells.
Your spell library contained the following spells:

 Spells                   Type           Power      Damage    Failure   Level
 Blink                    Tloc           18%        N/A       14%         2
 Lesser Beckoning         Tloc           18%        N/A       14%         2
 Teleport Other           Tloc           9%         N/A       28%         3
 Vhi's Electric Charge    Tloc/Air       10%        N/A       45%         3
 Manifold Assault         Tloc           9%         N/A       67%         4

Inventory:

Hand Weapons
 a - a +0 spear (weapon)
Missiles
 d - 7 boomerangs of dispersal (quivered)
Armour
 b - a +0 leather armour (worn)
Scrolls
 c - a scroll of blinking
 e - a scroll of enchant weapon {unknown}
 f - a scroll of poison {unknown}

Dungeon Overview and Level Annotations

Branches:
Dungeon (1/15)

Altars:

Shops:
D:1

** .>. ....# ...#######....#
#.#.............. #..............
............... .. #
.............# ###.## ##
#..........h.####....##+# ##.
........hrh@........##.##+..
#######.....l.######....##...###.
.......................##.....###
...$.......................<....'
..∩...........∩........##.....###
...............#.......###...###.
.......................# ##.##'..
.......$............#.....#'#.##.
..................###.....##.####


You could see 3 jackals, a frilled lizard and a rat.


Message History

Welcome, scionoferis the Naga Warper.
The fabulous Orb of Zot lies far below, as if waiting for you to find it.
Press ? for a list of commands and other information.
Found a scroll labelled KINA CIS DUMO.
Found a staircase leading out of the dungeon.
e - a scroll labelled KINA CIS DUMO You open the door.
There is an open door here.
As you open the door, it creaks loudly!
Found 7 stones.
There is an open door here.
You see here 7 stones.
There is an open door here.
You open the door.
There is an open door here.
You open the door.
There is an open door here.
As you open the door, it creaks loudly!
There is an open door here.
A giant cockroach comes into view.
Found Waama's Assorted Antiques.
The giant cockroach closely misses you.
You closely miss the giant cockroach. The giant cockroach closely misses you.
You hit the giant cockroach but do no damage.
The giant cockroach barely misses you.
You hit the giant cockroach but do no damage.
The giant cockroach bites you.
You barely miss the giant cockroach.
The giant cockroach bites you but does no damage.
You closely miss the giant cockroach. The giant cockroach bites you. x2
You closely miss the giant cockroach. The giant cockroach bites you.
You completely miss the giant cockroach.
Your punch misses the giant cockroach. The giant cockroach bites you.
You closely miss the giant cockroach. The giant cockroach barely misses you.
You closely miss the giant cockroach. The giant cockroach bites you.
You hit the giant cockroach but do no damage.
The giant cockroach barely misses you.
The giant cockroach bites you but does no damage.
You barely miss the giant cockroach.
The giant cockroach bites you but does no damage.
You barely miss the giant cockroach. The giant cockroach barely misses you.
You hit the giant cockroach.
The giant cockroach is heavily wounded.
The giant cockroach barely misses you.
You hit the giant cockroach but do no damage.
The giant cockroach is heavily wounded.
The giant cockroach bites you but does no damage.
You closely miss the giant cockroach.
The giant cockroach is heavily wounded.
The giant cockroach closely misses you. The giant cockroach bites you.
You completely miss the giant cockroach.
The giant cockroach is heavily wounded.
The giant cockroach bites you.
You barely miss the giant cockroach.
The giant cockroach is heavily wounded.
The giant cockroach bites you.
You closely miss the giant cockroach.
The giant cockroach is heavily wounded.
The giant cockroach barely misses you.
You hit the giant cockroach.
You kill the giant cockroach!
You start resting.
HP restored.
Found a scroll labelled KIPPUEMUOM.
Found 13 gold pieces.
There is an entrance to Waama's Assorted Antiques here.
Found 3 stones.
Found Fuiv's General Store.
f - a scroll labelled KIPPUEMUOM A rat comes into view.
You see here 13 gold pieces.
A rat is nearby! 2 jackals come into view.
The jackal barks! x2; You hear a bark!
A jackal comes into view.
The jackal moves out of view.
An endoplasm and a jackal come into view.
The jackal barks! x2; You hear an angry hiss.
A frilled lizard comes into view.
The jackal moves out of view.
The jackal bites you. The jackal attacks as you move away!
The jackal bites you. The jackal closely misses you. The jackal misses you.
The jackal attacks as you move away! The jackal misses you.
The jackal bites you. The jackal barely misses you.
The jackal closely misses you. The jackal attacks as you move away!
The jackal bites you. The jackal attacks as you move away!
The jackal barely misses you. x3
The jackal bites you. The jackal attacks as you move away!
The jackal closely misses you. The jackal barely misses you.
The jackal bites you. x2
The rat attacks as you move away! The rat bites you.
Found a stone staircase leading down.
The jackal bites you.
* * * LOW HITPOINT WARNING * * *
The jackal bites you.
* * * LOW HITPOINT WARNING * * *
The jackal attacks as you move away! The jackal closely misses you.
The jackal bites you but does no damage.
The jackal bites you.
* * * LOW HITPOINT WARNING * * *
Aiming: Spit Poison (3% risk of failure)
Press: ? - help, Shift-Dir - straight line, f - jackal
Aim: a jackal (43% to hit)
The splash of poison hits the jackal.
The jackal is severely wounded.
The jackal bites you.
* * * LOW HITPOINT WARNING * * *
The jackal closely misses you. The jackal bites you.
You die...

Action                     || total
---------------------------++-------
  Melee: Spear             ||    19
Ability: Spit Poison       ||     1
 Armour: Leather armour    ||     5
  Dodge: Dodged            ||    21

Levels and vault maps discovered:
D:1:      dpeg_arrival_rhombi, layout_basic, serial_shops, shop, shop, shop,
          shop, shop, minmay_rat_gold_closets

Notes
Turn   | Place    | Note
-------+----------+-------------------------------------------
     0 | D:1      | scionoferis the Naga Warper began the quest for the Orb.
     0 | D:1      | Reached XP level 1. HP: 19/19 MP: 3/3
    34 | D:1      | Found Waama's Assorted Antiques.
   101 | D:1      | Found Fuiv's General Store.
   118 | D:1      | Slain by a jackal

Vanquished Creatures
  A giant cockroach (D:1)
1 creature vanquished.

Table legend: (Time is in decaauts)
 A = Elapsed time spent in this place.
 B = Non-inter-level travel time spent in this place.
 C = Inter-level travel time spent in this place.
 D = Time resting spent in this place.
 E = Time spent auto-exploring this place.
 F = Levels seen in this place.
 G = Mean time per level.
                   A        B        C        D        E       F      G
               +--------+--------+--------+--------+--------+-----+--------+
         Total |    140 |    140 |      0 |     36 |     45 |   1 |  140.0 |
       Dungeon |    140 |    140 |      0 |     36 |     45 |   1 |  140.0 |
               +--------+--------+--------+--------+--------+-----+--------+

Top non-repeatable levels by time:
     D:1: 140 daAuts

Table legend:
 A = Non-vault XP
 B = Vault XP
 C = Vault XP percentage of total XP
 D = Non-vault monster count
 E = Vault monster count
 F = Vault count percentage of total count
                 A         B        C        D         E       F
            +---------+---------+-------+---------+---------+-------
      Total |       2 |       0 |   0.0 |       1 |       0 |   0.0
            +---------+---------+-------+---------+---------+-------
        D:1 |       2 |       0 |   0.0 |       1 |       0 |   0.0
            +---------+---------+-------+---------+---------+-------
